AoeStats
← Baki

Arabia

505707688Analyzed
1v1 RM · 23d ago on Sep 10, 2026· 63m 26s· 2 players
Game mode
Random Map
Map size
Tiny (2 player)
Population
200
Speed
Normal
Resources
Standard
Victory
Conquest
Starting age
Dark Age
Ending age
Imperial Age
RankedLock teamsTeams togetherTeam positionsShared explorationLock speedFull tech treeHidden civsTurbo modeCheats
Victory
Defeat
🇱🇺 Teutons · Luxembourg
386
+18
🇸🇻 Mongols · El Salvador
439
-18
Artyom
8:21 Loom
10:25 Feudal Age
12:19 Double-Bit Axe
12:58 Horse Collar
16:23 Wheelbarrow
17:45 Forging
19:18 Stone Mining
22:35 Castle Age
21:37 Scale Mail Armor
22:07 Fletching
23:18 Squires
22:41 Pikeman
25:47 Stone Shaft Mining
26:28 Bow Saw
28:17 Heavy Plow
32:14 Hand Cart
37:59 Imperial Age
37:31 Iron Casting
37:12 Chain Mail Armor
38:07 Elite Skirmisher
38:14 Onager
39:42 Conscription
38:47 Halberdier
41:19 Plate Mail Armor
41:49 Blast Furnace
41:46 Crop Rotation
43:03 Two-Man Saw
43:59 Gold Mining
44:59 Crenellations
46:01 Ironclad
45:56 Elite Teutonic Knight
54:08 Chemistry
57:09 Padded Archer Armor
57:05 Bodkin Arrow
56:50 Heavy Scorpion
59:28 Leather Archer Armor
59:08 Bodkin Arrow
59:48 Ballistics
Baki
0:38 Loom
11:09 Feudal Age
12:35 Double-Bit Axe
12:52 Horse Collar
17:18 Forging
17:14 Scale Barding Armor
19:02 Wheelbarrow
19:00 Gold Mining
24:37 Castle Age
24:09 Fletching
24:20 Padded Archer Armor
24:22 Scale Mail Armor
24:37 Stone Mining
26:20 Hand Cart
29:11 Bow Saw
30:47 Heavy Plow
31:10 Fervor
32:30 Husbandry
32:40 Bloodlines
34:09 Ballistics
34:44 Thumb Ring
36:03 Nomads
39:48 Imperial Age
38:22 Bodkin Arrow
38:44 Leather Archer Armor
39:05 Iron Casting
40:09 Town Watch
41:53 Chemistry
43:26 Blast Furnace
42:26 Bracer
42:47 Chain Barding Armor
42:43 Chain Mail Armor
43:26 Stone Shaft Mining
42:46 Heavy Camel Rider
44:31 Gold Shaft Mining
44:56 Drill
46:08 Siege Engineers
46:27 Elite Mangudai
46:59 Capped Ram
48:53 Onager
50:08 Cavalier
Connection lost

Rejoining the realm…

Still unreachable

The connection could not be restored.

Session expired

The server has moved on; the page needs a fresh start.